 Dungeon Crawl Stone Soup version 0.31-a0-1178-gc5c9b8f871 (webtiles) character file.

Game seed: 4217863293749259817

3449 qw the Skirmisher (level 10, -8/63 HPs)
             Began as a Gargoyle Hunter on Dec 11, 2023.
             Was an Elder of Okawaru.
             Mangled by a skeletal warrior
             ... wielding a +0 trident
              (9 damage)
             ... on level 9 of the Dungeon.
             The game lasted 00:03:05 (6376 turns).

qw the Skirmisher (Gargoyle Hunter)                 Turns: 6376, Time: 00:03:05

Health: -8/63      AC: 16    Str: 14    XL:     10   Next: 6%
Magic:  14/14      EV: 12    Int: 11    God:    Okawaru [****..]
Gold:   235        SH:  0    Dex: 17    Spells: 9/9 levels left

rFire   + . .        l - +2 arbalest
rCold   + . .        (shield currently unavailable)
rNeg    + . .        g - +0 ring mail
rPois   inf          p - +2 hat
rElec   +            d - scarf {rC+ rF+}
rCorr   .            q - +0 pair of gloves
SInv    +            (no boots)
Will    .....        c - amulet of regeneration
Stlth   +            t - ring of see invisible
HPRegen 1.10/turn    (no ring)
MPRegen 0.14/turn

%: no passive effects
@: no status effects
A: sickness immunity, AC +7, negative energy resistance 1, electricity
resistance, torment resistance 1, petrification resistance
a: Renounce Religion, Heroism, Finesse


You were on level 9 of the Dungeon.
You worshipped Okawaru.
Okawaru was greatly pleased with you.
You visited 1 branch of the dungeon, and saw 9 of its levels.

You collected 510 gold pieces.
You spent 275 gold pieces at shops.


Innate Abilities, Weirdness & Mutations

You are immune to sickness and miasma.
Your stone body is resilient. (AC +7)
You are immune to poison.
You resist negative energy. (rN+)
You are resistant to electric shocks. (rElec)
You are resistant to unholy torment.
You are immune to petrification.


   Skills:
 + Level 7.2 Fighting
 - Level 11.1 Ranged Weapons
 - Level 3.0 Armour
 - Level 3.0 Dodging
 - Level 1.1 Stealth
 + Level 5.7 Invocations


You had 9 spell levels left.
You didn't know any spells.
Your spell library was empty.

Inventory:

Hand Weapons
 l - a +2 arbalest (weapon)
Armour
 d - a scarf of resistance (worn)
 e - a +0 cloak
 g - a +0 ring mail (worn)
 p - a +2 hat (worn)
 q - a +0 pair of gloves (worn)
Jewellery
 c - an amulet of regeneration (around neck)
 t - a ring of see invisible (left hand)
Wands
 a - a wand of paralysis (1)
 f - a wand of iceblast (4)
 n - a wand of polymorph (11)
 r - a wand of mindburst (9)
Potions
 h - 2 potions of might
 i - 2 potions of curing
 j - a potion of resistance
 k - 2 potions of mutation
 o - a potion of degeneration {unknown}

Dungeon Overview and Level Annotations

Branches:
Dungeon (9/15)             Temple (0/1) D:6
   Lair: D:8-11         Orc: D:9-12

Altars:
Cheibriados
Gozag
Hepliaklqana
Okawaru
Qazlal
Ru
Sif Muna
Vehumet
Wu Jian
Zin

Shops:
D:8 *

Annotations:
D:9 1 runed translucent door, Amaemon


Message History

Enter note:
Enter note:
Enter note:
Enter note:
6369 ||| Stepping ~*~*~tactically~*~*~ (retreating).
6370 ||| Stepping ~*~*~tactically~*~*~ (retreating).
You shoot a bolt. The bolt closely misses the hornet.
The bolt hits the yak.
The yak is lightly wounded.
The hornet stings you but does no damage.
The hornet stings you. The hornet barely misses you.
You shoot a bolt.
The bolt hits the hornet but does no damage.
The skeletal warrior hits you from afar with a +0 trident!!
The hornet stings you.
The skeletal warrior hits you from afar with a +0 trident!
The hornet stings you but does no damage.
You shoot a bolt. The bolt closely misses the hornet.
The bolt barely misses the yak.
The bolt hits the centaur.
The centaur is moderately wounded.
The hornet stings you but does no damage.
The skeletal warrior misses you.
The hornet stings you but does no damage.
You shoot a bolt. The bolt closely misses the hornet.
The bolt hits the yak!!
The yak is heavily wounded.
You hear a bellow!
The hornet barely misses you.
The skeletal warrior hits you but does no damage.
The hornet stings you but does no damage.
The skeletal warrior misses you.
You shoot a bolt. The bolt closely misses the hornet.
The bolt barely misses the yak.
The bolt closely misses the centaur.
The hornet closely misses you. x2
The skeletal warrior hits you from afar with a +0 trident!
A yak comes into view.
You shoot a bolt. The bolt hits the hornet.
The hornet is lightly wounded.
You hear a bellow!
The hornet stings you.
The skeletal warrior hits you from afar with a +0 trident!
You die...

#########.##<##...###
#...#.....###.....#
########...#.....###.#...#
...........#.......#.#.###
...........#......##....#
...#...#..Yc.#....####..#
. #.....###Yz.....####..#
....... #y##..........#
Y#...... #@#......####.#
#...c.. #.#......# #.#
....... #...###..####.###
..Y... ##### ##.......>#
#.####.#.# #.# #...# #.#
###.# #.# #.# .# #.#


You could see a skeletal warrior, 2 yaks, a hornet and a centaur.

Vanquished Creatures
  A two-headed ogre (D:8)
  A yak (D:8)
  A steam dragon (D:8)
  Menkaure (D:5)
  A water moccasin (D:5)
  Duvessa (D:7)
  A black bear (D:4)
  An orc warrior (D:7)
  2 ogres (D:4)
  3 centaurs
  2 phantoms
  2 kobold brigands
  A bullfrog (D:8)
  3 scorpions
  3 wights (D:6)
  Dowan (D:7)
  6 howler monkeys
  2 electric eels (D:8)
  A lava snake (D:8)
  5 hounds
  An orc priest (D:7)
  A sleepcap (D:8)
  4 orc wizards
  4 gnolls (D:4)
  13 adders
  3 shadow imps
  2 ufetubi (D:6)
  16 orcs
  9 ball pythons
  8 endoplasms
  4 giant cockroaches
  14 hobgoblins
  4 jackals (D:2)
  7 quokkas
  7 bats
  3 frilled lizards
  11 goblins
  14 kobolds
  6 rats
170 creatures vanquished.

Notes
Turn   | Place    | Note
-------+----------+-------------------------------------------
     0 | D:1      | qw the Gargoyle Hunter began the quest for the Orb.
     0 | D:1      | Reached XP level 1. HP: 12/12 MP: 1/1
     0 | D:1      | 0 ||| qw: Version: 0.3-a-106-g2cfff9e
     0 | D:1      | 0 ||| qw: Game counter: 1977
     0 | D:1      | 0 ||| qw: Melee chars always use a shield: true
     0 | D:1      | 0 ||| qw: God list: Okawaru
     0 | D:1      | 0 ||| qw: Allow faded altars: false
     0 | D:1      | 0 ||| qw: Do Orc after clearing Dungeon:15 true
     0 | D:1      | 0 ||| qw: Do second Lair branch before Depths: true
     0 | D:1      | 0 ||| qw: Lair rune preference: random
     0 | D:1      | 0 ||| qw: Goals: Normal, Save, Zot:1-4, Win
     0 | D:1      | 0 ||| PLANNING D:1-11
    96 | D:1      | Reached XP level 2. HP: 17/17 MP: 2/2
   137 | D:1      | Found a faded altar of an unknown god.
   291 | D:1      | Reached XP level 3. HP: 21/21 MP: 3/3
   335 | D:1      | Reached skill level 5 in Ranged Weapons
   829 | D:1      | 829 ||| UPGRADING to scarf of resistance.
   834 | D:1      | 834 ||| DROPPING scarf of resistance.
   835 | D:1      | 835 ||| READING scroll labelled SUOREPTOGO.
   836 | D:1      | 836 ||| READING 2 scrolls labelled TAHATW MEILA.
   836 | D:1      | 836 ||| IDENTIFYING fuming red potion
   837 | D:1      | 837 ||| READING scroll of identify.
   837 | D:1      | 837 ||| IDENTIFYING dark potion
   838 | D:1      | 838 ||| READING scroll labelled DIZIEZ BYNIOTH.
   939 | D:1      | 939 ||| DRINKING 3 emerald potions.
   940 | D:1      | 940 ||| DROPPING scroll of butterflies.
  1287 | D:2      | Reached skill level 3 in Fighting
  1322 | D:2      | Reached XP level 4. HP: 28/28 MP: 4/4
  1445 | D:2      | 1445 ||| READING 5 scrolls of identify.
  1445 | D:2      | 1445 ||| IDENTIFYING white potion
  1446 | D:2      | 1446 ||| READING 4 scrolls of identify.
  1446 | D:2      | 1446 ||| IDENTIFYING scroll labelled JAINIM DIERA
  1447 | D:2      | 1447 ||| DROPPING scroll of silence.
  2014 | D:3      | 2014 ||| UPGRADING to +0 ring mail.
  2024 | D:3      | 2024 ||| DROPPING +0 leather armour.
  2025 | D:3      | 2025 ||| READING 4 scrolls of identify.
  2025 | D:3      | 2025 ||| IDENTIFYING lumpy amethyst potion
  2026 | D:3      | 2026 ||| READING 3 scrolls of identify.
  2026 | D:3      | 2026 ||| IDENTIFYING 2 scrolls labelled BYIPOERRIOTI
  2027 | D:3      | 2027 ||| READING 2 scrolls of identify.
  2027 | D:3      | 2027 ||| IDENTIFYING 4 scrolls labelled ZUATATU ZATZUVO
  2028 | D:3      | 2028 ||| DROPPING potion of magic.
  2029 | D:3      | 2029 ||| DROPPING 2 scrolls of fog.
  2071 | D:3      | Reached XP level 5. HP: 31/32 MP: 5/5
  2139 | D:4      | Reached skill level 1 in Armour
  2210 | D:4      | Found an iron altar of Okawaru.
  2210 | D:4      | Found a hazy altar of Hepliaklqana.
  2211 | D:4      | 2211 ||| PLANNING OKAWARU WORSHIP
  2214 | D:4      | Became a worshipper of Warmaster Okawaru
  2215 | D:4      | 2215 ||| PLANNING D:1-11
  2239 | D:4      | HP: 7/32 [orc/+0 hand axe (4)]
  2240 | D:4      | 2240 ||| READING 4 scrolls of teleportation.
  2240 | D:4      | HP: 3/32 [orc/+1 hand axe of venom (4)]
  2241 | D:4      | 2241 ||| DRINKING potion of heal wounds.
  2438 | D:4      | Noticed an ogre
  2442 | D:4      | Killed an ogre
  2443 | D:4      | Reached skill level 6 in Ranged Weapons
  2443 | D:4      | Reached XP level 6. HP: 37/37 MP: 6/6
  2480 | D:4      | You fall into a shaft and drop 2 floors!
  2480 | D:6      | Found a shimmering blue altar of Sif Muna.
  2550 | D:6      | 2550 ||| UPGRADING to amulet of regeneration.
  2555 | D:6      | 2555 ||| READING 2 scrolls of identify.
  2555 | D:6      | 2555 ||| IDENTIFYING black potion
  2556 | D:6      | 2556 ||| DROPPING potion of ambrosia.
  2563 | D:5      | Entered Level 5 of the Dungeon
  2563 | D:5      | Noticed Menkaure
  2570 | D:5      | HP: 3/37 [Menkaure (17)]
  2571 | D:5      | 2571 ||| READING 3 scrolls of teleportation.
  2572 | D:5      | 2572 ||| DRINKING potion of heal wounds.
  2582 | D:5      | 2582 ||| Stepping randomly (stuck).
  2583 | D:5      | 2583 ||| Stepping randomly (stuck).
  2584 | D:5      | 2584 ||| Stepping randomly (stuck).
  2585 | D:5      | 2585 ||| Stepping randomly (stuck).
  2586 | D:5      | 2586 ||| Stepping randomly (stuck).
  2587 | D:5      | 2587 ||| Stepping randomly (stuck).
  2588 | D:5      | 2588 ||| Stepping randomly (stuck).
  2599 | D:5      | 2599 ||| STAIRDANCE
  2636 | D:4      | Reached * piety under Okawaru
  2637 | D:4      | Reached skill level 7 in Ranged Weapons
  2665 | D:4      | Noticed a black bear
  2671 | D:4      | 2671 ||| Stepping ~*~*~tactically~*~*~ (retreating).
  2673 | D:4      | 2673 ||| Stepping ~*~*~tactically~*~*~ (retreating).
  2687 | D:4      | Killed a black bear
  2688 | D:4      | Reached skill level 1 in Invocations
  2688 | D:4      | Reached XP level 7. HP: 25/43 MP: 6/8
  3148 | D:4      | Found a glowing silver altar of Zin.
  3160 | D:4      | 3160 ||| READING 2 scrolls of identify.
  3160 | D:4      | 3160 ||| IDENTIFYING bubbling puce potion
  3161 | D:4      | 3161 ||| READING scroll of identify.
  3161 | D:4      | 3161 ||| IDENTIFYING 2 bubbling ruby potions
  3162 | D:4      | 3162 ||| READING scroll labelled TUAMYPO FUOSI.
  3163 | D:4      | 3163 ||| READING scroll labelled VES YNLUREMANE.
  3171 | D:4      | 3171 ||| DROPPING 2 potions of attraction.
  3172 | D:4      | 3172 ||| DROPPING potion of invisibility.
  3182 | D:5      | 3182 ||| STAIRDANCE
  3199 | D:5      | Killed Menkaure
  3200 | D:5      | Reached skill level 3 in Invocations
  3200 | D:5      | 3200 ||| STAIRDANCE
  3354 | D:5      | Reached skill level 8 in Ranged Weapons
  3368 | D:5      | Reached XP level 8. HP: 20/48 MP: 10/10
  3379 | D:5      | HP: 7/48 [hobgoblin/+0 scythe (8)]
  3380 | D:5      | 3380 ||| READING 2 scrolls of teleportation.
  3382 | D:5      | HP: 3/49 [hobgoblin/+0 scythe (8)]
  3384 | D:5      | 3384 ||| READING scroll of teleportation.
  3387 | D:5      | HP: 5/49 [howler monkey (2)]
  3475 | D:5      | Reached ** piety under Okawaru
  3843 | D:5      | Found an ornate altar of the Wu Jian Council.
  3903 | D:5      | 3903 ||| UPGRADING to +1 hat.
  3908 | D:5      | 3908 ||| READING scroll labelled HUIM AFARA.
  3909 | D:5      | 3909 ||| READING scroll labelled VODUTTYTHE.
  3909 | D:5      | 3909 ||| ENCHANTING +1 hat.
  3910 | D:5      | 3910 ||| READING scroll labelled XOM OLOIDWA.
  3992 | D:6      | 3992 ||| Stepping ~*~*~tactically~*~*~ (retreating).
  3994 | D:6      | 3994 ||| Stepping ~*~*~tactically~*~*~ (retreating).
  4006 | D:6      | 4006 ||| DRINKING 3 potions of curing.
  4006 | D:6      | 4006 ||| (to cure confusion)
  4017 | D:6      | Reached skill level 9 in Ranged Weapons
  4087 | D:6      | Reached skill level 6 in Fighting
  4394 | D:6      | Found a staircase to the Ecumenical Temple.
  4462 | D:6      | 4462 ||| SWAPPING to +0 orcbow.
  4463 | D:6      | 4463 ||| DROPPING +0 shortbow.
  4464 | D:6      | 4464 ||| READING scroll of identify.
  4464 | D:6      | 4464 ||| IDENTIFYING smoky inky potion
  4505 | D:7      | Found a radiant altar of Vehumet.
  4510 | D:7      | Found a sacrificial altar of Ru.
  4557 | D:7      | 4557 ||| DRINKING 3 potions of curing.
  4557 | D:7      | 4557 ||| (to cure confusion)
  4564 | D:7      | HP: 10/51 [orc warrior/+0 flail (7)]
  4565 | D:7      | 4565 ||| READING 2 scrolls of teleportation.
  4658 | D:7      | Noticed Duvessa
  4658 | D:7      | Noticed Dowan
  4668 | D:7      | Killed Duvessa
  4668 | D:7      | Reached *** piety under Okawaru
  4669 | D:7      | Reached XP level 9. HP: 52/55 MP: 12/12
  4677 | D:7      | Killed Dowan
  4836 | D:7      | 4836 ||| SWAPPING to +0 arbalest.
  4837 | D:7      | 4837 ||| DROPPING +0 orcbow.
  5067 | D:7      | Reached skill level 10 in Ranged Weapons
  5323 | D:7      | Found a stormy altar of Qazlal.
  5324 | D:7      | Found an opulent altar of Gozag.
  5325 | D:7      | Found a snail-covered altar of Cheibriados.
  5378 | D:7      | 5378 ||| UPGRADING to +0 pair of gloves.
  5383 | D:7      | 5383 ||| UPGRADING to ring of see invisible.
  5384 | D:7      | 5384 ||| READING scroll labelled KOCUICZ QUPPAU.
  5385 | D:7      | 5385 ||| READING 2 scrolls labelled ESTEAKHUBI.
  5385 | D:7      | 5385 ||| ENCHANTING +0 arbalest.
  5386 | D:7      | 5386 ||| READING scroll of enchant weapon.
  5386 | D:7      | 5386 ||| ENCHANTING +1 arbalest.
  5387 | D:7      | 5387 ||| DROPPING wand of flame (8).
  5527 | D:8      | Noticed a two-headed ogre
  5534 | D:8      | HP: 13/57 [two-headed ogre/+0 giant spiked club (10)]
  5535 | D:8      | 5535 ||| READING 3 scrolls of teleportation.
  5537 | D:8      | Killed a two-headed ogre
  5537 | D:8      | Reached **** piety under Okawaru
  5538 | D:8      | Reached skill level 11 in Ranged Weapons
  5767 | D:8      | Found Kaczenn's Assorted Antiques.
  5773 | D:8      | 5773 ||| BUYING crooked lead wand (108 gold).
  5773 | D:8      | Bought a crooked lead wand for 108 gold pieces
  5773 | D:8      | 5773 ||| BUYING scroll of identify (54 gold).
  5773 | D:8      | Bought a scroll of identify for 54 gold pieces
  5773 | D:8      | 5773 ||| BUYING wand of polymorph (3) (113 gold).
  5773 | D:8      | Bought a wand of polymorph (3) for 113 gold pieces
  5821 | D:8      | Reached skill level 3 in Dodging
  5895 | D:8      | Reached skill level 3 in Armour
  5895 | D:8      | Reached XP level 10. HP: 63/63 MP: 12/14
  6087 | D:8      | 6087 ||| READING scroll of identify.
  6087 | D:8      | 6087 ||| IDENTIFYING bubbling sapphire potion
  6099 | D:8      | 6099 ||| DROPPING potion of lignification.
  6237 | D:9      | Found a runed translucent door.
  6264 | D:9      | Noticed a skeletal warrior
  6273 | D:9      | HP: 14/63 [skeletal warrior/+0 trident (14)]
  6274 | D:9      | 6274 ||| READING 2 scrolls of teleportation.
  6274 | D:9      | HP: 3/63 [skeletal warrior/+0 trident (13)]
  6275 | D:9      | 6275 ||| DRINKING potion of heal wounds.
  6276 | D:9      | Noticed Amaemon
  6276 | D:9      | Noticed an orange demon
  6279 | D:9      | 6279 ||| READING scroll of teleportation.
  6279 | D:9      | HP: 12/63 [Amaemon/+1 demon whip of venom (1)]
  6280 | D:9      | HP: 3/63 [orange demon[Amaemon] (8)]
  6281 | D:9      | 6281 ||| Stepping ~*~*~tactically~*~*~ (retreating).
  6361 | D:9      | 6361 ||| RETREEAATING.
  6362 | D:9      | 6362 ||| STILL RETREEAATING.
  6363 | D:9      | 6363 ||| Stepping ~*~*~tactically~*~*~ (retreating).
  6364 | D:9      | 6364 ||| Stepping ~*~*~tactically~*~*~ (retreating).
  6365 | D:9      | 6365 ||| STILL RETREEAATING.
  6366 | D:9      | 6366 ||| Stepping ~*~*~tactically~*~*~ (retreating).
  6367 | D:9      | 6367 ||| Stepping ~*~*~tactically~*~*~ (retreating).
  6368 | D:9      | 6368 ||| Stepping ~*~*~tactically~*~*~ (retreating).
  6369 | D:9      | 6369 ||| Stepping ~*~*~tactically~*~*~ (retreating).
  6370 | D:9      | 6370 ||| Stepping ~*~*~tactically~*~*~ (retreating).
  6372 | D:9      | HP: 10/63 [skeletal warrior/+0 trident (15)]
  6375 | D:9      | HP: 4/63 [skeletal warrior/+0 trident (11)]
  6376 | D:9      | HP: 1/63 [hornet (4)]
  6376 | D:9      | Mangled by a skeletal warrior

Levels and vault maps discovered:
D:1:      denvon_arrival_waterhouse, layout_loops_ring,
          dreamdust_ecumenical_altar_grove, minmay_misc_feat_nine_boxes,
          minmay_misc_feat_tower, st_stairs_8, minmay_tromino_v7
D:2:      layout_basic
D:3:      layout_rooms, corexii_corridor_pit, grunt_ministairs_3,
          kennysheep_pointless_box
D:4:      layout_basic, zin_statuary, gammafunk_temple_overflow_wave,
          dreamdust_wishing_well, minmay_quadrilaterals
D:5:      layout_loops_ring, nzn_wu_jian_contemplation, sigmund_army,
          uniq_menkaure
D:6:      layout_loops_ring, mainiacjoe_overflow_surrounded_room,
          minmay_temple_entry_poolview
D:7:      layout_loops_corners, grunt_temple_overflow_open, minitemple,
          uniq_duvessa
D:8:      layout_cave_pools, serial_shops, kennysheep_little_box,
          serial_bayou_ford_a, kennysheep_opposing_triangles
D:9:      minmay_the_grid_four_pointed_star_mashed
          [minmay_the_grid_triangle_9x9_zippers_vertical,
          minmay_the_grid_triangle_9x9_subtriangle,
          minmay_the_grid_triangle_9x9_longest,
          minmay_the_grid_triangle_9x9_pentomino_pain,
          minmay_the_grid_prize_shrinking_boxes], layout_basic,
          grunt_temple_overflow_growth_and_decay, columned_hall_lemuel,
          uniq_psyche, uniq_amaemon

Skill      XL: |  1  2  3  4  5  6  7  8  9 |
---------------+----------------------------+-----
Ranged Weapons | 5 6 7 8 9 11 | 11.1
Fighting       | 3 4 6 7 |  7.2
Armour         | 1 2 3 |  3.0
Invocations    | 1 3 4 5 |  5.7
Dodging        | 2 3 |  3.0
Stealth        | |  1.1

Action                     |  1- 3 |  4- 6 |  7- 9 | 10-12 || total
---------------------------+-------+-------+-------+-------++-------
   Fire: Shortbow          |    99 |   173 |   273 |       ||   545
         Orcbow            |       |       |    45 |       ||    45
         Arbalest          |       |       |    99 |    41 ||   140
    Use: Scroll            |     4 |     8 |    15 |     3 ||    30
         Potion            |     1 |     2 |     2 |     1 ||     6
 Armour: Leather armour    |    26 |     7 |       |       ||    33
         Ring mail         |       |   105 |   223 |    39 ||   367
  Dodge: Dodged            |    24 |    74 |   155 |    25 ||   278

Table legend:
 A = Non-vault XP
 B = Vault XP
 C = Vault XP percentage of total XP
 D = Non-vault monster count
 E = Vault monster count
 F = Vault count percentage of total count
                 A         B        C        D         E       F
            +---------+---------+-------+---------+---------+-------
      Total |    3840 |    1088 |  22.1 |     142 |      28 |  16.5
            +---------+---------+-------+---------+---------+-------
        D:1 |      39 |       6 |  13.3 |      25 |       4 |  13.8
        D:2 |      56 |       0 |   0.0 |      20 |       0 |   0.0
        D:3 |      66 |       3 |   4.3 |      11 |       2 |  15.4
        D:4 |     586 |     158 |  21.2 |      31 |       5 |  13.9
        D:5 |     493 |     192 |  28.0 |      11 |      11 |  50.0
        D:6 |     601 |       0 |   0.0 |      14 |       0 |   0.0
        D:7 |     486 |     212 |  30.4 |      11 |       2 |  15.4
        D:8 |    1402 |     517 |  26.9 |      11 |       4 |  26.7
        D:9 |     111 |       0 |   0.0 |       8 |       0 |   0.0
            +---------+---------+-------+---------+---------+-------
